Map: Orbital Shipyard

Players

Toons

  • Race: Zerg Zerg
  • League: Silver

Phobos - Winner!

  • Race: Terran Terran
  • League: Silver

VOD

Have the link to the VOD?

Description

Time

  • Played on: Aug. 3, 2015, 7:31 a.m.
  • Length: 22:53
Show
View Real Time Build Order
Export as new Build Order

Toons Zerg 

Build Orders: Pool First, Lurkers 

Get SALT Encoding   

  12  0:01  Drone  
  13  0:09  Drone  
  14  0:17  Overlord  
  14  0:23  Extractor  
  14  0:24  Drone  
  15  0:39  Spawning Pool  
  15  0:41  Drone  
  15  0:45  Drone  
  16  0:55  Drone  
  16  0:56  Drone  
  18  1:01  Extractor  
  17  1:07  Drone  
  18  1:26  Queen  
  18  1:28  Zergling x2  
  18  1:29  Zergling x2  
  22  1:38  Overlord  
  22  1:54  Hatchery  
  22  1:58  Drone  
  22  2:12  Drone x2, Extractor  
  23  2:33  Overlord  
  23  2:34  Overlord  
  22  2:49  Zergling x6  
  22  2:50  Zergling x2  
  25  3:07  Metabolic Boost  
  25  3:08  Evolution Chamber, Queen  
  25  3:09  Drone  
  25  3:10  Drone x2  
  29  3:24  Baneling Nest  
  28  3:31  Drone x2  
  28  3:32  Drone x2  
  32  3:36  Zerg Melee Weapons Level 1  
  32  4:05  Drone  
  32  4:07  Drone  
  32  4:08  Zergling x10  
  39  4:16  Extractor  
  38  4:24  Drone x2  
  38  4:25  Drone x5  
  45  4:31  Lair  
  45  4:47  Zergling x14  
  52  5:06  Overlord x2  
  52  5:17  Overlord  
  52  5:26  Baneling x2  
  52  5:27  Baneling x16  
  52  5:30  Zergling x4  
  52  5:31  Zergling x10  
  59  5:42  Extractor  
  59  5:44  Drone  
  59  5:45  Drone x2  
  61  5:51  Drone x2, Hydralisk Den  
  61  5:55  Drone  
  61  5:56  Drone x2  
  65  6:00  Overlord  
  52  6:19  Zergling x12  
  52  6:36  Hydralisk x6  
  60  6:59  Overseer  
  60  7:02  Hatchery  
  59  7:16  Spore Crawler  
  59  7:17  Spore Crawler  
  59  7:18  Zerg Missile Weapons Level 1  
  59  7:20  Drone x3  
  59  7:21  Drone x2  
  62  7:24  Baneling x2  
  62  7:25  Baneling x4  
  62  7:29  Overseer  
  62  7:40  Lurker Den  
  62  7:48  Hydralisk  
  62  7:49  Hydralisk x8  
  80  8:33  Infestation Pit  
  79  8:36  Queen  
  79  8:37  Drone  
  79  8:38  Drone x6  
  79  8:39  Drone  
  79  8:41  Overlord x4  
  82  9:08  Zergling x2  
  82  9:09  Zergling x32  
  83  9:24  Spore Crawler  
  82  9:33  Baneling x5  
  82  9:34  Baneling x3  
  82  9:43  Drone x2  
  82  9:44  Drone  
  85  9:49  Extractor  
  84  9:55  Zerg Missile Weapons Level 2  
  84  10:00  Evolution Chamber  
  84  10:03  Muscular Augments  
  84  10:06  Lurker x7  
  90  10:21  Zergling x10  
  91  10:22  Zergling x4  
  97  10:34  Hydralisk  
  97  10:35  Hydralisk x5  
  101  10:36  Hydralisk  
  101  10:37  Hydralisk x2  
  115  10:43  Baneling x4  
  115  10:46  Centrifical Hooks  
  115  10:50  Extractor  
  115  10:52  Drone  
  115  10:53  Drone x6, Overlord  
  121  11:10  Zerg Ground Armor Level 1  
  121  11:35  Lurker x3  
  121  11:36  Lurker  
  108  11:58  Drone x5  
  108  11:59  Drone x3  
  113  12:13  Hatchery  
  112  12:24  Hatchery  
  111  12:32  Zergling x4  
  111  12:33  Zergling x20  
  111  12:34  Overlord x2  
  123  12:37  Zerg Melee Weapons Level 2  
  123  12:39  Hive  
  123  12:50  Hatchery  
  121  13:29  Zergling x6  
  95  13:42  Drone  
  95  13:43  Zergling x22  
  101  14:00  Zergling x2  
  101  14:01  Zergling x4  
  102  14:08  Hydralisk x3  
  102  14:09  Hydralisk  
  110  14:26  Baneling  
  110  14:27  Baneling x9  
  110  14:31  Zergling x10  
  111  14:32  Zergling x14  
  102  15:03  Extractor  
  102  15:05  Extractor  
  102  15:06  Extractor  
  99  15:07  Extractor  
  98  15:39  Infestor x2  
  98  15:40  Infestor x3  
  108  15:46  Hydralisk  
  108  15:47  Spire, Hydralisk x11  
  128  17:05  Ultralisk Cavern  
  127  17:09  Baneling x18  
  127  17:34  Drone x2  
  127  17:35  Drone x4  
  133  17:37  Drone  
  133  17:38  Drone  
  130  18:04  Hatchery  
  83  18:37  Ultralisk x3  
  83  18:38  Ultralisk x4, Zergling x2  
  83  18:39  Zergling x4  
  125  19:18  Ultralisk  
  125  19:19  Overlord x2  
  125  19:20  Zergling x6  
  125  19:21  Zergling x2  
  125  19:23  Overlord  
  125  19:24  Overlord  
  135  19:25  Hatchery  
  122  19:43  Zergling x8  
  122  19:44  Zergling x6  
  117  19:47  Queen  
  119  20:26  Hatchery  
  118  20:33  Drone  
  118  20:34  Drone x2  
  121  21:04  Hydralisk x2  
  121  21:07  Zergling x6  
  121  21:08  Zergling x2  
  120  21:25  Zergling x4  
  105  21:26  Zergling x20  
  92  21:54  Corruptor  
  92  21:55  Corruptor x8  
  101  22:05  Mutalisk  
  101  22:06  Mutalisk x9  
  122  22:08  Zergling x2  
  122  22:09  Zergling x16  
  122  22:13  Baneling  
  122  22:14  Baneling x4  
  130  22:23  Drone  
  130  22:24  Drone x2  
  133  22:31  Zergling x4  
  133  22:32  Zergling x10  
Show
View Real Time Build Order
Export as new Build Order

Phobos Terran - Winner!

Build Orders: Command Center First (CC), MMM Bio 

Get SALT Encoding   

  12  0:02  SCV  
  14  0:14  SCV  
  14  0:21  Supply Depot  
  14  0:26  SCV  
  15  0:43  SCV  
  16  0:58  Command Center  
  16  1:25  SCV  
  17  1:33  Refinery, Barracks  
  17  1:35  Refinery  
  17  1:42  SCV  
  18  2:03  SCV  
  19  2:13  Barracks  
  19  2:15  SCV  
  20  2:16  Barracks  
  20  2:20  SCV  
  21  2:25  Marine  
  21  2:27  Supply Depot  
  21  2:41  SCV  
  21  2:44  SCV  
  22  3:15  Orbital Command  
  22  3:21  Orbital Command  
  22  3:24  Marine  
  23  3:28  Barracks Tech Lab  
  23  3:41  Barracks Tech Lab  
  23  3:49  Barracks Reactor  
  23  3:54  Marauder  
  25  3:56  Factory  
  25  4:01  SCV x2  
  27  4:20  SCV x2  
  27  4:22  Marauder x2  
  33  4:33  Marine x2  
  35  4:41  Factory Tech Lab  
  35  4:42  Bunker  
  35  4:43  SCV x2  
  37  4:50  Marauder x2  
  41  4:58  Stimpack  
  41  5:03  Cyclone  
  44  5:09  Supply Depot x2  
  44  5:24  SCV x2  
  44  5:25  Starport  
  46  5:31  Command Center  
  46  5:37  Marauder  
  46  5:38  Marauder  
  46  5:42  Supply Depot  
  50  5:54  Concussive Shells  
  36  6:31  Supply Depot  
  36  6:33  Barracks Reactor  
  36  6:39  Marine  
  32  6:40  Marine  
  32  6:45  Medivac  
  31  7:00  Marauder x2  
  35  7:04  Orbital Command  
  35  7:10  Marine x2  
  35  7:13  Combat Shields  
  35  7:14  Siege Tank  
  40  7:16  SCV x2  
  42  7:27  Orbital Command  
  44  7:30  Marine x2, Marauder x2  
  44  7:33  Medivac  
  44  7:34  SCV  
  51  7:52  SCV x2  
  51  7:54  SCV  
  51  7:56  Marauder x2, Marine x2  
  60  8:06  Starport Reactor  
  60  8:07  SCV x2  
  62  8:17  Refinery, Engineering Bay  
  62  8:18  Refinery  
  62  8:19  Armory  
  62  8:22  Engineering Bay  
  62  8:26  Marauder x2, Marine x2  
  68  8:35  SCV x3  
  71  8:44  Barracks  
  71  8:46  Barracks  
  71  8:47  SCV x3, Barracks  
  67  9:09  Marauder x2, Marine x2  
  56  9:10  Medivac x2  
  52  9:27  Marine  
  52  9:30  Marauder  
  52  9:31  Refinery  
  55  9:37  Terran Infantry Weapons Level 1  
  55  9:38  Terran Infantry Armor Level 1, Starport  
  55  9:39  Refinery, Terran Vehicle Weapons Level 1  
  55  9:40  Medivac  
  57  9:48  Barracks Tech Lab x2  
  57  9:51  Barracks Tech Lab  
  57  9:58  SCV x3  
  60  10:05  Marauder  
  60  10:06  Marauder  
  64  10:07  Marine x2  
  64  10:08  Marauder x2  
  64  10:10  SCV x3  
  73  10:19  Marauder  
  73  10:21  Siege Tank  
  78  10:23  Starport Reactor  
  78  10:26  Marine x2  
  78  10:28  Marauder  
  82  10:30  SCV x3  
  85  10:39  Supply Depot, Medivac  
  87  10:43  Supply Depot  
  87  10:46  Marauder  
  87  10:47  SCV x2  
  91  10:50  SCV  
  92  11:00  Marauder x3  
  98  11:06  Supply Depot  
  98  11:07  Supply Depot  
  98  11:10  Siege Tank  
  101  11:15  Marauder  
  101  11:16  Marine, Marauder  
  101  11:17  SCV  
  107  11:20  SCV  
  76  12:03  Command Center  
  76  12:06  Marine x6  
  76  12:07  Marine  
  83  12:08  Siege Tank  
  83  12:13  Terran Infantry Weapons Level 2, Terran Ship Weapons Level 1  
  83  12:14  Terran Infantry Armor Level 2  
  86  12:17  Starport  
  86  12:24  Marine x2  
  86  12:27  Marauder  
  86  12:28  Marauder x3  
  96  12:30  Raven  
  96  12:36  Marine x2  
  100  12:38  Medivac x2  
  100  12:40  SCV x2  
  100  12:41  SCV  
  107  12:49  Marauder  
  111  12:51  Marauder x2  
  111  12:52  Marine x2, Marauder  
  111  12:53  SCV x3  
  111  12:56  Starport Reactor  
  120  13:05  SCV  
  121  13:08  Medivac x2  
  125  13:15  Siege Tank, Medivac  
  125  13:16  Orbital Command  
  130  13:20  Supply Depot, Factory  
  130  13:21  Supply Depot  
  107  13:38  Medivac x2  
  107  13:41  Marine x4, Marauder x4  
  99  13:48  Raven  
  104  13:49  Medivac x2  
  104  13:55  SCV x3  
  109  13:57  Siege Tank  
  109  14:01  Marine x4  
  109  14:02  Marauder, Marine  
  119  14:07  Barracks  
  119  14:08  Medivac  
  117  14:11  Factory Tech Lab, Barracks  
  117  14:35  Marauder x4  
  125  14:56  Marauder, Marine x2  
  125  14:57  Marauder x3, Marine x2  
  125  14:58  Siege Tank  
  138  15:11  Siege Tank  
  138  15:13  Barracks Tech Lab x2  
  141  15:14  Marine  
  141  15:20  Marauder x2, Orbital Command  
  141  15:21  Marauder x2  
  150  15:22  Marine  
  150  15:23  Marine x2  
  150  15:25  SCV x2  
  155  15:56  Medivac x2  
  156  15:58  Siege Tank  
  148  16:08  Refinery x2  
  148  16:09  Marauder x4  
  156  16:17  Marine x4  
  156  16:18  Marauder  
  155  16:24  Thor  
  153  16:25  Marine  
  153  16:30  Thor, Marine x2  
  150  16:38  Viking x3, Fusion Core  
  156  16:44  Supply Depot x2, Marine x6  
  156  16:45  Supply Depot, Viking  
  164  17:03  Missile Turret x3  
  164  17:04  Missile Turret  
  164  17:05  Viking, Missile Turret, Marine x5  
  164  17:06  Missile Turret  
  164  17:08  Missile Turret x2  
  171  17:11  Missile Turret  
  171  17:32  Unknown  
  171  17:44  Command Center  
  171  17:49  Marine  
  170  18:08  Refinery  
  170  18:09  Refinery  
  108  18:37  Banshee  
  109  18:49  Starport Tech Lab  
  109  18:54  Marine x3  
  109  18:55  Starport Tech Lab, Marine x7  
  114  18:59  Thor x2  
  125  19:12  Marine  
  117  19:25  Marine x3  
  117  19:26  Marine x6  
  117  19:27  Banshee x2  
  117  19:28  Banshee  
  98  19:53  Marauder  
  98  19:54  Marine x2, Marauder x5  
  98  19:55  Marine x2  
  114  20:02  Terran Infantry Weapons Level 3  
  114  20:03  Terran Ship Weapons Level 2, Terran Infantry Armor Level 3  
  108  20:11  Planetary Fortress  
  108  20:12  Missile Turret  
  106  20:29  Medivac x3  
  106  20:32  Marauder x3  
  118  20:47  Marauder x3  
  118  20:48  Siege Tank  
  127  20:54  Marauder  
  129  21:01  Banshee x2  
  135  21:04  Banshee  
  138  21:13  Cloaking Field  
  104  21:44  Banshee x2  
  110  21:47  Banshee  
  113  21:57  Marine x3  
  113  21:58  Marine x2  
  118  22:06  Marine  
  118  22:07  Marine  
  120  22:12  SCV  
  120  22:41  Unknown  
Tags
 
Add a new tag
Caveats
  • Supply blocks, unpowered buildings, or Contaminate may cause inaccurate times.
  • Supply counts are checked every 10 seconds.